 Dungeon Crawl Stone Soup version 0.32-a0-814-g0968bab981 (webtiles) character file.

Game seed: 6923343237362084687

25 senseless the Ruffian (level 2, 0/33 HPs)
             Began as a Demonspawn Shapeshifter on Mar 22, 2024.
             Slain by a frilled lizard (2 damage)
             ... on level 1 of the Dungeon.
             The game lasted 00:00:56 (184 turns).

senseless the Ruffian (Demonspawn Shapeshifter)      Turns: 184, Time: 00:00:57

Health: 0/33       AC: 21    Str: 14    XL:     2   Next: 82%
Magic:  2/2        EV:  2    Int: 10    God:
Gold:   7          SH:  4    Dex: 12    Spells: 1/1 levels left

rFire   . .          .
                       - Unarmed
rCold   . . .        (no shield)
rNeg    . . .        a - melded +0 animal skin
rPois   +            (helmet currently unavailable)
rElec   .            (cloak currently unavailable)
rCorr   .            (gloves currently unavailable)
SInv    .            (boots currently unavailable)
Will    .....        (no amulet)
Stlth   +            (no ring)
HPRegen 0.25/turn    (no ring)
MPRegen 0.08/turn

%: no passive effects
@: tree-form
A: stationary, stasis, torment immunity, boosted hp, condensation shield
a: no special abilities


You were on level 1 of the Dungeon.
You were a tree.
You visited 1 branch of the dungeon, and saw 1 of its levels.

You collected 7 gold pieces.

Inventory:

Missiles
 g - 5 poisoned darts (quivered)
Armour
 a - a +0 animal skin (melded)
Talismans
 c - a beast talisman (active)
 d - a flux talisman
Scrolls
 e - 3 scrolls of noise {unknown}
 f - a scroll of fear {unknown}


   Skills:
 * Level 1.9 Fighting
 + Level 2.1 Dodging
 + Level 2.9 Unarmed Combat
 + Level 2.9 Shapeshifting


You had one spell level left.
You didn't know any spells.
Your spell library was empty.

Dungeon Overview and Level Annotations

Branches:
Dungeon (1/15)

Altars:


Innate Abilities, Weirdness & Mutations

You are a tree.
Your roots penetrate the ground, keeping you stationary.
You cannot be teleported.
You are immune to unholy pain and torment.
Your maximum health is greatly increased.
Your equipment is partially melded.
A meltable shield of frost defends you. (SH +4)


Message History

You closely miss the ball python.
The ball python is heavily wounded.
The jackal bites you but does no damage.
The ball python bites you but does no damage.
The ball python constricts you.
The jackal bites you but does no damage.
The ball python bites you.
* * * LOW HITPOINT WARNING * * *
You completely miss the ball python.
The ball python is heavily wounded.
The ball python bites you but does no damage.
The ball python constricts you.
The jackal bites you but does no damage.
The ball python bites you but does no damage.
You hit the ball python.
You kill the ball python!
The jackal bites you but does no damage.
The ball python bites you but does no damage.
The ball python constricts you.
The jackal bites you but does no damage.
You smack the ball python!
You kill the ball python!
The frilled lizard bites you but does no damage.
The jackal barely misses you.
You closely miss the jackal. The frilled lizard barely misses you.
The hobgoblin barely misses you.
The jackal bites you but does no damage.
You barely miss the endoplasm.
The jackal bites you but does no damage.
The frilled lizard bites you but does no damage.
The hobgoblin hits you but does no damage.
You block the endoplasm's attack. The jackal bites you.
* * * LOW HITPOINT WARNING * * *
You smack the endoplasm!
You kill the endoplasm!
The frilled lizard bites you but does no damage.
The hobgoblin barely misses you.
The jackal bites you but does no damage.
You closely miss the jackal. The frilled lizard bites you.
You die...

#...#####+##..#.. .....
#................... ....
#................... ...
...#................... #.
.....................##.. ####.
......#.......##.....##........
......##......##.....# #..####.
..... #.....g##...#.# #.......
##.## #....rl♣..#.#.###..#....
#.. #......h##...............
.. .................##......).
...........#.##..##........
##+#.....#..#.###.##........
#........#.# #...#.......
.......##.#..........#.##.
.#..... ....#####.#....##. ####
#.#.#.....


You could see a jackal, a hobgoblin, a frilled lizard and a rat.

Vanquished Creatures
  4 dart slugs (D:1)
  2 ball pythons (D:1)
  An endoplasm (D:1)
  A giant cockroach (D:1)
  A goblin (D:1)
  2 hobgoblins (D:1)
  2 kobolds (D:1)
  3 rats (D:1)
16 creatures vanquished.

Notes
Turn   | Place    | Note
-------+----------+-------------------------------------------
     0 | D:1      | senseless the Demonspawn Shapeshifter began the quest for
                  | the Orb.
     0 | D:1      | Reached XP level 1. HP: 15/15 MP: 1/1
    76 | D:1      | Gained mutation: A meltable shield of frost defends you.
                  | (SH +4) [demonic ancestry]
    76 | D:1      | Reached XP level 2. HP: 10/21 MP: 2/2
   175 | D:1      | HP: 1/22 [constriction (2)]
   184 | D:1      | Slain by a frilled lizard

Illustrated notes

Levels and vault maps discovered:
D:1:      lightli_iron_boxes, layout_basic, minmay_three_crescents

Skill      XL: |  1  2 |
---------------+-------+-----
Dodging        | 2 |  2.1
Fighting       | |  1.9
Unarmed Combat | |  2.9
Shapeshifting  | |  2.9

Action                     || total
---------------------------++-------
  Melee: Unarmed           ||    53
         Punch             ||     2
    Use: Potion            ||     1
   Stab: Sleeping          ||     1
 Armour: Animal skin       ||    40
         Skin              ||    26
  Dodge: Dodged            ||    29
  Block: Other             ||     7

Table legend: (Time is in decaauts)
 A = Elapsed time spent in this place.
 B = Non-inter-level travel time spent in this place.
 C = Inter-level travel time spent in this place.
 D = Time resting spent in this place.
 E = Time spent auto-exploring this place.
 F = Levels seen in this place.
 G = Mean time per level.
                   A        B        C        D        E       F      G
               +--------+--------+--------+--------+--------+-----+--------+
         Total |    181 |    181 |      0 |      0 |     83 |   1 |  181.0 |
       Dungeon |    181 |    181 |      0 |      0 |     83 |   1 |  181.0 |
               +--------+--------+--------+--------+--------+-----+--------+

Top non-repeatable levels by time:
     D:1: 181 daAuts
